 Dungeon Crawl Stone Soup version 0.24-a0-170-gd8427f5388 (webtiles) character file.

Game seed: 13416855952331336370

110365 MrRokkomies the Markscentaur (level 16, 0/143 HPs)
             Began as a Centaur Hunter on Mar 8, 2019.
             Was the Champion of Okawaru.
             Slain by a naga
             ... wielding a +5 battleaxe of chopping
              (22 damage)
             ... on level 2 of the Snake Pit on Mar 11, 2019.
             The game lasted 02:12:51 (35893 turns).

MrRokkomies the Markscentaur (Centaur Hunter)      Turns: 35893, Time: 02:12:54

Health: 0/143      AC: 31    Str: 19    XL:     16   Next: 7%
Magic:  7/22       EV:  3    Int: 10    God:    Okawaru [******]
Gold:   2550       SH:  8    Dex: 13    Spells: 14/15 levels left

rFire    . . .     SeeInvis +   a - +5 scimitar (freeze)
rCold    + . .     Gourm    .   (no shield)
rNeg     . . .     Faith    .   Y - +2 plate armour {rC+}
rPois    +         Spirit   .   E - +1 helmet
rElec    .         Reflect  +   S - +2 cloak {+Inv}
rCorr    .         Harm     .   H - +0 pair of gloves
MR       +....                  x - +0 centaur barding {Stlth+}
Stlth    ..........             Q - brooch of Shielding {Reflect SH+8}
HPRegen  0.33/turn              W - ring of poison resistance
MPRegen  0.18/turn              N - ring of see invisible

@: lethally poisoned (0 -> 0), about to teleport, heroism, finesse, slowed,
constricted
A: large, hooves 3, deformed body, speed 2, tough skin 3
a: Heroism, Finesse, Renounce Religion, Evoke Invisibility


You were on level 2 of the Snake Pit.
You worshipped Okawaru.
Okawaru was exalted by your worship.
You were not hungry.

You visited 5 branches of the dungeon, and saw 26 of its levels.

You collected 2740 gold pieces.
You spent 190 gold pieces at shops.

Inventory:

Hand Weapons
 a - a +5 scimitar of freezing (weapon)
 b - a +5 longbow of flaming
 h - a +2 long sword of electrocution
 v - a +2 triple sword of holy wrath
 O - a +0 blowgun
Missiles
 d - 442 arrows
 u - a throwing net (quivered)
 L - 7 curare-tipped needles
 P - 117 poisoned needles
Armour
 q - a scarf of spirit shield
 x - a +0 centaur barding of stealth (worn)
 E - a +1 helmet (worn)
 H - a +0 pair of gloves (worn)
 S - a +2 cloak of invisibility (worn)
 Y - a +2 plate armour of cold resistance (worn)
Jewellery
 r - an uncursed amulet of the acrobat
 N - a ring of see invisible (right hand)
 Q - the brooch of Shielding (around neck) {Reflect SH+8}
   (You found it on level 2 of the Lair of Beasts)

   [amulet of reflection]

   It shields you and reflects attacks.
   It affects your SH (+8).
 W - a ring of poison resistance (left hand)
Wands
 e - a wand of random effects (8)
 i - a wand of polymorph (13)
 j - a wand of enslavement (19)
 k - a wand of flame (34)
 p - a wand of paralysis (18)
 B - a wand of acid (9)
 K - a wand of disintegration (18)
 M - a wand of digging (10)
 R - a wand of iceblast (32)
Scrolls
 w - 5 scrolls of remove curse
 z - 5 scrolls of fear
 A - 3 scrolls of enchant armour
 C - 7 scrolls of magic mapping
 I - 2 scrolls of immolation
 T - 13 scrolls of identify
 U - 3 scrolls of teleportation
Potions
 c - 2 potions of ambrosia
 g - 7 potions of curing
 l - 3 potions of flight
 m - 2 potions of cancellation
 n - 2 potions of might
 o - a potion of resistance
 s - 3 potions of lignification
 t - 3 potions of invisibility
 D - 2 potions of berserk rage
 F - a potion of magic
 G - a potion of agility
 J - 3 potions of brilliance
Miscellaneous
 X - a lamp of fire
Comestibles
 f - 33 rations


   Skills:
 - Level 13.0(18.0) Fighting
 - Level 11.3(16.3) Long Blades
 * Level 18.8(23.8) Bows
 - Level 10.0(15.0) Armour
 * Level 4.3(9.3) Dodging
 - Level 0.4(5.4) Stealth
 + Level 2.2 Translocations
 - Level 8.0 Invocations
 - Level 8.0 Evocations


You had 14 spell levels left.
You knew the following spells:

 Your Spells              Type           Power        Failure   Level  Hunger
a - Apportation           Tloc           #.....       89%         1    ##.....

Your spell library contained the following spells:

 Spells                   Type           Power        Failure   Level  Hunger
 Animate Skeleton         Necr           N/A          99%         1    ##.....
 Magic Dart               Conj           #...         99%         1    ##.....
 Pain                     Necr           #...         99%         1    ##.....
 Summon Butterflies       Summ           #.......     99%         1    ##.....
 Lesser Beckoning         Tloc           #.........   99%         3    ####...
 Searing Ray              Conj           #.....       100%        2    ###....
 Dazzling Spray           Conj/Hex       #.....       100%        3    ####...
 Regeneration             Chrm/Necr      #.........   100%        3    ####...
 Tukima's Dance           Hex            #.......     100%        3    ####...
 Vampiric Draining        Necr           #.........   100%        3    ####...
 Animate Dead             Necr           N/A          100%        4    #####..
 Force Lance              Conj/Tloc      #.......     100%        4    #####..
 Fulminant Prism          Conj/Hex       #.........   100%        4    #####..
 Iskenderun's Mystic Bla  Conj           #.......     100%        4    #####..
 Alistair's Intoxication  Tmut/Pois      #.......     100%        5    ######.
 Invisibility             Hex            #.......     100%        6    #######


Dungeon Overview and Level Annotations

Branches:
Dungeon (15/15)            Temple (1/1) D:4            Lair (6/6) D:11
 Shoals (0/4) Lair:4        Snake (2/4) Lair:2        Slime (0/5) Lair:5
    Orc (2/2) D:10            Elf (0/3) Orc:2        Vaults (0/5) D:14
 Depths (0/5) D:15

Altars:
Ashenzari
Cheibriados
Dithmenos
Elyvilon
Fedhas
Gozag
Hepliaklqana
Kikubaaqudgha
Makhleb
Nemelex Xobeh
Okawaru
Qazlal
Ru
Sif Muna
Trog
Uskayaw
Vehumet
Wu Jian
Xom
Yredelemnul
Zin
The Shining One
Beogh

Shops:
D:13 *   D:15 :   Orc:1 (   Orc:2 *[*:(

Annotations:
D:11 1 runed translucent door, MrRokkomies's ghost, journeyman OgSk
D:12 exclusion: orange crystal statue
Lair:1 exclusion: oklob plant


Innate Abilities, Weirdness & Mutations

You have hooves in place of feet.
Armour fits poorly on your strangely shaped body.
You cover ground very quickly.
You have extremely tough skin. (AC +3)


Message History

You closely miss the guardian serpent.
The guardian serpent hits you but does no damage.
You block the naga's attack.
You barely miss the guardian serpent. Your kick misses the guardian serpent.
The mana viper bites you but does no damage.
The naga warrior hits you but does no damage.
The naga warrior constricts you.
You hit the guardian serpent. You freeze the guardian serpent.
The guardian serpent is lightly wounded.
You feel sick. The guardian serpent hits you.
* * * LOW HITPOINT WARNING * * *
The mana viper barely misses you.
You barely miss the guardian serpent.
The guardian serpent is lightly wounded.
The guardian serpent hits you but does no damage.
The naga warrior hits you with a cursed +0 short sword!!
* * * LOW HITPOINT WARNING * * *
The naga warrior constricts you.
The naga hits you with a +5 battleaxe of chopping!!
You die...

#.##.###.... #.#.# ...
...#...#.#.###...# ..
...#.....#.#..†..##.##
..###......##....#...##
.##.#....†..#....#....##
....##.##..#...........#
###.....##....####.....#
..#......#.##.#NS#.....#
..##.....#....#N@S...###
.........#....####...#
...##...#####....††###
.....)..... #.......#
######.###..#.....S## #
... ........# # ...
.#(..NS.# # ...#
###(...# # #...(#


You could see a naga warrior, a mana viper, a guardian serpent and a naga.

Vanquished Creatures
  Saint Roka (Orc:2)
  Gastronok (Lair:1)
  Kirke (D:15)
  Snorg (D:12)
  A fire dragon (D:15)
  Harold (Lair:1)
  Erolcha (D:13)
  6 hydras
  A rakshasa (D:15)
  An ice dragon (D:15)
  A catoblepas (Lair:6)
  A naga warrior (Snake:2)
  4 centaur warriors
  2 two-headed ogres
  2 dancing weapons (D:14)
  An anaconda (Snake:1)
  An orc high priest (Orc:2)
  4 death yaks (Lair:6)
  A deep troll shaman (Lair:6)
  A naga sharpshooter (Snake:2)
  A shock serpent (Snake:1)
  5 skeletal warriors (D:13)
  A death drake (shapeshifter) (D:13)
  4 orc knights
  A wolf spider zombie (D:15)
  A wizard (D:14)
  Pikel (D:8)
  4 orc sorcerers (Orc:2)
  8 ugly things
  A deep elf mage (D:13)
  4 mana vipers
  2 centaur zombies (D:15)
  3 manticores
  4 cyclopes
  2 guardian serpents (Snake:2)
  15 black mambas
  11 spiny frogs
  3 gargoyles
  Maurice (D:8)
  Psyche (D:9)
  6 naga magi
  11 elephants
  An efreet (D:15)
  4 kobold demonologists
  9 komodo dragons
  A tengu conjurer (D:14)
  9 trolls
  A queen bee (Lair:3)
  A polar bear (Lair:3)
  13 slime creatures
  27 blink frogs
  10 dream sheep
  8 hippogriffs
  A vampire (D:12)
  A shadow (D:12)
  49 yaks
  4 wyverns
  3 basilisks
  2 hogs (D:15)
  3 spriggans (Lair:4)
  3 steam dragons
  Grum (Lair:1)
  6 vampire mosquitoes
  5 hungry ghosts
  5 wargs
  8 nagas
  14 water moccasins
  An acid dragon (D:15)
  11 porcupines
  3 black bears
  7 ice beasts
  5 sky beasts
  4 slaves (D:8)
  An eye of draining (shapeshifter) (D:13)
  32 orc warriors
  2 necrophages
  11 ogres
  4 phantoms
  A boggart (D:10)
  9 centaurs
  32 wolves
  16 crocodiles
  Blork the orc (Orc:2)
  A big kobold (shapeshifter) (D:13)
  5 big kobolds
  25 bullfrogs
  A wyvern zombie (D:10)
  A gnoll sergeant (D:10)
  A wyvern skeleton (D:10)
  A water moccasin skeleton (D:8)
  4 scorpions
  25 killer bees
  7 howler monkeys
  15 wights
  An electric eel (Lair:4)
  7 crimson imps
  A bullfrog zombie (D:11)
  3 bullfrog skeletons
  6 hounds
  22 jellies
  18 orc priests
  20 orc wizards
  7 centaur skeletons
  Natasha (twice) (D:2)
  7 iguanas
  15 worker ants
  A hound skeleton (D:6)
  13 gnolls
  A howler monkey skeleton (D:6)
  14 adders
  5 shadow imps
  2 oozes
  An adder zombie (D:4)
  2 dart slugs (D:3)
  8 leopard geckos
  58 orcs
  5 giant cockroaches
  11 goblins
  6 hobgoblins
  5 jackals
  6 quokkas
  4 bats
  5 frilled lizards
  18 kobolds
  A leopard gecko zombie (D:6)
  9 rats
  A fungus (Lair:5)
823 creatures vanquished.

Vanquished Creatures (collateral kills)
  A bullfrog (D:10)
1 creature vanquished.

Vanquished Creatures (others)
  A two-headed ogre (D:10)
  A cyclops (D:13)
  A spiny frog (shapeshifter) (D:10)
  6 fungi
  6 plants
15 creatures vanquished.

Grand Total: 839 creatures vanquished

Notes
Turn   | Place    | Note
-------+----------+-------------------------------------------
     0 | D:1      | MrRokkomies the Centaur Hunter began the quest for the Orb.
     0 | D:1      | Reached XP level 1. HP: 17/17 MP: 1/1
   246 | D:1      | Reached XP level 2. HP: 25/25 MP: 2/2
  1002 | D:2      | Reached skill level 6 in Bows
  1002 | D:2      | Reached XP level 3. HP: 15/30 MP: 3/3
  1608 | D:2      | Noticed Natasha
  1614 | D:2      | Killed Natasha
  1614 | D:2      | Reached XP level 4. HP: 33/38 MP: 4/4
  1765 | D:2      | Noticed Natasha
  1782 | D:2      | Killed Natasha
  2381 | D:3      | Reached skill level 7 in Bows
  2381 | D:3      | Reached XP level 5. HP: 17/46 MP: 5/5
  3058 | D:3      | Reached XP level 6. HP: 46/53 MP: 6/6
  3557 | D:3      | Reached skill level 8 in Bows
  3865 | D:4      | Reached skill level 5 in Fighting
  3865 | D:4      | Reached skill level 1 in Long Blades
  4214 | D:4      | Reached XP level 7. HP: 56/61 MP: 7/7
  4215 | D:4      | Found a shattered altar of Ashenzari.
  4346 | D:4      | Found a staircase to the Ecumenical Temple.
  4356 | Temple   | Entered the Ecumenical Temple
  4494 | Temple   | Became a worshipper of Warmaster Okawaru
  4538 | D:4      | Found a white marble altar of Elyvilon.
  4818 | D:5      | Entered Level 5 of the Dungeon
  5561 | D:6      | Reached * piety under Okawaru
  5561 | D:6      | Reached XP level 8. HP: 33/71 MP: 8/8
  6285 | D:5      | Reached skill level 5 in Long Blades
  7028 | D:7      | Reached ** piety under Okawaru
  7406 | D:7      | Reached skill level 1 in Armour
  7409 | D:7      | Noticed an orc sorcerer
  7409 | D:7      | Noticed an orc sorcerer
  7411 | D:7      | Noticed an ice devil
  7550 | D:8      | Reached XP level 9. HP: 70/81 MP: 9/9
  7800 | D:8      | Found a bloodstained altar of Trog.
  7845 | D:8      | Reached *** piety under Okawaru
  7938 | D:8      | Noticed a purple ugly thing
  7992 | D:8      | Killed a purple ugly thing
  8206 | D:8      | Noticed Maurice
  8485 | D:8      | Found a stormy altar of Qazlal.
  8492 | D:8      | Found a hide-covered altar of Uskayaw.
  8731 | D:8      | Found a glowing golden altar of the Shining One.
  9057 | D:9      | Noticed Psyche
  9069 | D:9      | Killed Psyche
  9150 | D:8      | Killed Maurice
  9150 | D:8      | Reached **** piety under Okawaru
  9150 | D:8      | Received a gift from Okawaru
  9150 | D:8      | Reached XP level 10. HP: 53/88 MP: 10/10
  9303 | D:9      | Noticed Pikel
  9311 | D:8      | Reached skill level 5 in Armour
  9564 | D:8      | Received a gift from Okawaru
 10243 | D:8      | Killed Pikel
 10868 | D:9      | Found a burning altar of Makhleb.
 11531 | D:10     | Entered Level 10 of the Dungeon
 11590 | D:10     | Noticed a two-headed ogre
 11615 | D:10     | Received a gift from Okawaru
 11655 | D:10     | Killed a two-headed ogre
 11795 | D:10     | Received a gift from Okawaru
 11802 | D:10     | Reached skill level 10 in Long Blades
 12006 | D:10     | Reached ***** piety under Okawaru
 12091 | D:10     | Received a gift from Okawaru
 12116 | D:10     | Found a staircase to the Orcish Mines.
 12141 | D:10     | Reached XP level 11. HP: 31/94 MP: 11/11
 13103 | D:10     | Noticed an orc knight
 13104 | D:10     | Noticed a centaur warrior
 13116 | D:10     | Killed an orc knight
 13493 | D:10     | Received a gift from Okawaru
 14176 | D:10     | Received a gift from Okawaru
 14177 | D:10     | Noticed a two-headed ogre
 14203 | D:10     | Noticed a centaur warrior
 14215 | D:10     | Killed a centaur warrior
 14919 | D:11     | Received a gift from Okawaru
 15271 | D:11     | Reached skill level 1 in Invocations
 15399 | D:11     | Reached skill level 1 in Evocations
 15443 | D:11     | Received a gift from Okawaru
 15507 | D:11     | Found a runed translucent door.
 15514 | D:11     | Noticed MrRokkomies's ghost (journeyman OgSk)
 15533 | D:11     | Found a staircase to the Lair.
 15627 | D:11     | Noticed a five-headed hydra
 15788 | D:11     | Killed a five-headed hydra
 15788 | D:11     | Reached ****** piety under Okawaru
 15843 | D:11     | Noticed a two-headed ogre
 15854 | D:11     | Killed a two-headed ogre
 15854 | D:11     | Reached XP level 12. HP: 52/101 MP: 13/15
 15902 | D:11     | Found a bloodstained altar of Trog.
 16021 | Lair:1   | Entered Level 1 of the Lair of Beasts
 16033 | Lair:1   | Noticed Gastronok
 16052 | Lair:1   | Killed Gastronok
 16052 | Lair:1   | Received a gift from Okawaru
 16052 | Lair:1   | Reached skill level 5 in Invocations
 16211 | Lair:1   | Noticed Grum
 16218 | Lair:1   | Killed Grum
 16287 | Lair:1   | Reached skill level 5 in Evocations
 16706 | Lair:1   | Noticed Harold
 16731 | Lair:1   | Killed Harold
 16731 | Lair:1   | Received a gift from Okawaru
 16747 | Lair:1   | Noticed a seven-headed hydra
 16755 | Lair:1   | Killed a seven-headed hydra
 17450 | Lair:1   | Received a gift from Okawaru
 18073 | Lair:2   | Reached skill level 9 in Bows
 18153 | Lair:2   | Found a staircase to the Snake Pit.
 18175 | Lair:2   | Found the brooch of Shielding {Reflect SH+8}
 18524 | Lair:2   | You fall through a shaft for 2 floors!
 18934 | Lair:3   | Reached XP level 13. HP: 93/107 MP: 19/19
 19084 | Lair:3   | Reached skill level 10 in Bows
 20468 | Lair:4   | Reached skill level 11 in Bows
 21041 | Lair:4   | Found a staircase to the Shoals.
 21104 | Lair:4   | Received a gift from Okawaru
 21104 | Lair:4   | Reached skill level 12 in Bows
 22126 | Lair:5   | Found a staircase to the Slime Pits.
 22425 | Lair:5   | Reached skill level 13 in Bows
 22898 | Lair:6   | Entered Level 6 of the Lair of Beasts
 23006 | Lair:5   | Reached skill level 10 in Armour
 23491 | Lair:6   | Reached XP level 14. HP: 67/116 MP: 20/20
 23893 | Lair:6   | Reached skill level 14 in Bows
 23898 | Lair:6   | Received a gift from Okawaru
 24169 | Lair:6   | Received a gift from Okawaru
 24879 | Lair:6   | Reached skill level 10 in Fighting
 24956 | Lair:6   | Reached skill level 15 in Bows
 24964 | Lair:6   | Received a gift from Okawaru
 25368 | Orc:1    | Entered Level 1 of the Orcish Mines
 25688 | Orc:1    | Received a gift from Okawaru
 25878 | Orc:1    | Found Xivodej's Antique Weapon Shoppe.
 25893 | Orc:1    | Bought a runed great sword for 190 gold pieces
 26414 | D:10     | Identified the cursed +3 great mace of Frustration
                  | {antimagic, +Rage Dex+3}
 26903 | Orc:2    | Entered Level 2 of the Orcish Mines
 26948 | Orc:2    | Found Rale's Mass Market.
 27023 | Orc:2    | Paralysed by an orc sorcerer for 2 turns
 27199 | Orc:2    | Found a staircase to the Elven Halls.
 27362 | Orc:2    | Noticed Saint Roka
 27871 | Orc:2    | Killed Saint Roka
 27871 | Orc:2    | Reached skill level 16 in Bows
 28164 | Orc:2    | Noticed Blork the orc
 28176 | Orc:2    | Killed Blork the orc
 28183 | Orc:2    | Received a gift from Okawaru
 28183 | Orc:2    | Paralysed by an orc sorcerer for 5 turns
 28508 | Orc:2    | Received a gift from Okawaru
 28976 | Orc:2    | Found a roughly hewn altar of Beogh.
 29012 | Orc:2    | Found Ustrez's General Store.
 29022 | Orc:2    | Found Uphept's Antique Armour Emporium.
 29034 | Orc:2    | Found Uruuck's Antique Weapon Emporium.
 29111 | Orc:2    | Found Uwiyle's Book Emporium.
 29624 | D:12     | Got a fine scale mail
 29635 | D:12     | Identified the +1 scale mail "Geutro Gatuu" {rC+++ MR-
                  | Regen+} (You found it on level 12 of the Dungeon)
 29648 | D:12     | Noticed Snorg
 29673 | D:12     | Killed Snorg
 29689 | D:12     | Reached XP level 15. HP: 34/130 MP: 21/21
 30613 | D:13     | Learned a level 1 spell: Apportation
 31014 | D:13     | Noticed Erolcha
 31032 | D:13     | Killed Erolcha
 31032 | D:13     | Reached skill level 17 in Bows
 31142 | D:13     | Received a gift from Okawaru
 31249 | D:13     | Received a gift from Okawaru
 31412 | D:13     | Found Quoxiduxt's Assorted Antiques.
 31840 | D:14     | Received a gift from Okawaru
 32623 | D:14     | Found a gate to the Vaults.
 32715 | D:15     | Entered Level 15 of the Dungeon
 32894 | D:15     | Noticed Kirke
 32902 | D:15     | Reached skill level 18 in Bows
 32933 | D:15     | Killed Kirke
 32933 | D:15     | Received a gift from Okawaru
 33284 | D:15     | Received a gift from Okawaru
 33431 | D:15     | Found Feazouh's Book Shoppe.
 33902 | D:15     | Found a staircase to the Depths.
 34247 | Snake:1  | Entered Level 1 of the Snake Pit
 35050 | Snake:1  | Reached skill level 1 in Translocations
 35329 | Snake:2  | Identified a scroll of acquirement
 35554 | Snake:2  | Reached XP level 16. HP: 135/143 MP: 22/22
 35893 | Snake:2  | Slain by a naga

Levels and vault maps discovered:
D:1:      dpeg_arrival_snail, layout_basic, minmay_ruptured
D:2:      layout_loops_cross, uniq_natasha
D:3:      minmay_recursive_quarters, layout_basic, minmay_increasing_density
D:4:      layout_cave_pools, elyvilon_altar_3, minmay_temple_entry_crystal_x,
          first_ration, serial_park_tiny_pond, cheibrodos_ashenzari_chains
D:5:      layout_loops_ring, minmay_misc_feat_chi, chequers_garden
D:6:      layout_gridville
D:7:      cheibrodos_wizards_tower, layout_basic, serial_shops,
          nicolae_shop_stone, chequers_jeans
D:8:      layout_cave_pools, bloody_trog, nicolae_overflow_hidden_temple,
          hangedman_minor_gate_pass, uniq_maurice
D:9:      layout_rooms, lemuel_doored_altar, uniq_psyche, uniq_pikel
D:10:     minmay_the_grid_3x3 [minmay_the_grid_fan, minmay_the_grid_tree,
          minmay_the_grid_minigrid_large, minmay_the_grid_all_tris,
          minmay_the_grid_embedded, minmay_the_grid_stretched_grid,
          minmay_the_grid_x, minmay_the_grid_outer_circle,
          minmay_the_grid_prize_four_corners], layout_stronghold,
          grunt_ogre_cave
D:11:     layout_basic, minmay_lair_entry_grove, basic_altar,
          gammafunk_ghost_grave
D:12:     layout_irregular_city, roderic_filled_cross, minmay_protected_statue,
          uniq_snorg
D:13:     layout_cross, serial_shops, shop, uniq_erolcha
D:14:     layout_basic, erik_vaults_1, hangedman_abyss_or_decor_stabs
D:15:     grunt_enter_depths_hoard, layout_loops_ring, serial_shops,
          nicolae_shop_crystal, minmay_misc_feat_ornament, uniq_kirke
Temple:   nicolae_temple_elliptical
Lair:1:   layout_cave_pods, minmay_lair_oklob_chamber, grunt_megastairs_1,
          lemuel_fruit_tree, infiniplex_staircase_pool_2, uniq_grum,
          uniq_gastronok, uniq_harold
Lair:2:   layout_hall_layers, guppyfry_snake_entry_island, grunt_megastairs_5
Lair:3:   layout_cave_pods, special_room [special_room_bee],
          chequers_serial_rivers_small_3
Lair:4:   layout_gridlike, minmay_shoals_entry_beasts, wad_woods_02,
          infiniplex_staircase_pool
Lair:5:   layout_long_grid, minmay_slime_entry_jelly_boxes, serial_bayou_shore_b
Lair:6:   grunt_lair_end_beastmaster, layout_gridlike, serial_bayou_shore_b
Snake:1:  layout_misc_corridors, st_stairs_4
Snake:2:  layout_honeycomb, nrook_guardian_serpent_ordinary, uniq_azrael
Orc:1:    layout_caves, serial_shops, nicolae_shop_crystal, nooodl_orcs_dogs
Orc:2:    grunt_orc_cross, layout_diamond_mine, minmay_shop_mass

Skill      XL: |  1  2  3  4  5  6  7  8  9 10 11 12 13 14 15 16 |
---------------+-------------------------------------------------+-----
Bows           | 6 7 8 9 13 16 18 | 18.8
Fighting       | 3 4 5 6 8 11 13 | 13.0
Long Blades    | 2 4 6 8 10 11 | 11.3
Armour         | 1 4 6 8 10 | 10.0
Invocations    | 4 8 |  8.0
Evocations     | 3 7 8 |  8.0
Dodging        | 4 |  4.3
Translocations | 1 2 |  2.2
Stealth        | |  0.4

Action                   |  1- 3 |  4- 6 |  7- 9 | 10-12 | 13-15 | 16-18 || total
-------------------------+-------+-------+-------+-------+-------+-------++-------
Melee: Short sword       |    21 |       |       |       |       |       ||    21
       Kick              |    15 |    27 |    49 |   131 |   156 |     2 ||   380
       Spear             |    50 |    27 |       |       |       |       ||    77
       Scimitar          |       |   115 |    46 |   294 |   532 |    10 ||   997
       Great sword       |       |       |   157 |   181 |       |       ||   338
       Punch             |       |       |       |       |     2 |       ||     2
       Long sword        |       |       |       |       |    55 |       ||    55
 Fire: Shortbow          |    37 |   104 |   211 |   345 |       |       ||   697
       Longbow           |       |       |       |   112 |  1328 |    50 ||  1490
Throw: Throwing net      |       |       |       |     2 |       |       ||     2
Invok: Heroism           |       |       |       |     3 |     5 |     1 ||     9
       Finesse           |       |       |       |     1 |     3 |     1 ||     5
Evoke: Wand              |       |       |       |     1 |     5 |       ||     6
       Lamp of fire      |       |       |       |       |     1 |       ||     1
  Use: Scroll            |       |     6 |     8 |    16 |     7 |     1 ||    38
       Potion            |       |     1 |       |     3 |     4 |       ||     8
  Eat: Chunk             |     1 |     6 |     8 |    13 |    30 |       ||    58
       Ration            |       |       |     2 |     7 |     5 |     1 ||    15
Armor: Chain mail        |    67 |   125 |   192 |   380 |   464 |       ||  1228
       Plate armour      |       |       |       |       |   344 |    49 ||   393
Dodge: Dodged            |    21 |    55 |    84 |   196 |   144 |     5 ||   505
Block: Other             |       |       |       |    35 |   366 |    20 ||   421
       Reflection        |       |       |       |       |    18 |       ||    18
       Rpst.: Scimitar   |       |     7 |     3 |    22 |    24 |       ||    56
       Great sword       |       |       |    18 |    25 |       |       ||    43

Table legend:
 A = Non-vault XP
 B = Vault XP
 C = Vault XP percentage of total XP
 D = Non-vault monster count
 E = Vault monster count
 F = Vault count percentage of total count
                 A         B        C        D         E       F
            +---------+---------+-------+---------+---------+-------
      Total |  109855 |   47810 |  30.3 |     620 |     200 |  24.4
            +---------+---------+-------+---------+---------+-------
        D:1 |      27 |       8 |  22.9 |      13 |       5 |  27.8
        D:2 |      97 |      35 |  26.5 |      14 |       1 |   6.7
        D:3 |     191 |     117 |  38.0 |      34 |      18 |  34.6
        D:4 |     682 |       0 |   0.0 |      13 |       0 |   0.0
        D:5 |     392 |       0 |   0.0 |       8 |       0 |   0.0
        D:6 |     696 |       0 |   0.0 |      20 |       0 |   0.0
        D:7 |     393 |       0 |   0.0 |       4 |       0 |   0.0
        D:8 |    2849 |    1097 |  27.8 |      31 |       6 |  16.2
        D:9 |     997 |     439 |  30.6 |      22 |       1 |   4.3
       D:10 |    4853 |    5026 |  50.9 |      40 |      32 |  44.4
       D:11 |    4789 |    1748 |  26.7 |      38 |      12 |  24.0
       D:12 |    6764 |    1157 |  14.6 |      33 |       1 |   2.9
       D:13 |    9447 |    1012 |   9.7 |      27 |       1 |   3.6
       D:14 |   10661 |    1808 |  14.5 |      42 |       2 |   4.5
       D:15 |    5789 |    4653 |  44.6 |      20 |       5 |  20.0
     Lair:1 |    6008 |    5380 |  47.2 |      28 |      12 |  30.0
     Lair:2 |    3851 |     308 |   7.4 |      21 |       2 |   8.7
     Lair:3 |    4559 |    1355 |  22.9 |      23 |      18 |  43.9
     Lair:4 |    8426 |    1508 |  15.2 |      34 |       6 |  15.0
     Lair:5 |    8633 |     647 |   7.0 |      36 |      15 |  29.4
     Lair:6 |   11486 |    8100 |  41.4 |      41 |      16 |  28.1
    Snake:1 |    5891 |     613 |   9.4 |      12 |       2 |  14.3
    Snake:2 |    8206 |     933 |  10.2 |      18 |       2 |  10.0
      Orc:1 |     946 |    1272 |  57.3 |      13 |      15 |  53.6
      Orc:2 |    3222 |   10594 |  76.7 |      35 |      28 |  44.4
            +---------+---------+-------+---------+---------+-------
